 Dungeon Crawl Stone Soup version 0.17.1-3-g152610e (webtiles) character file.

261 Urist the Magician (level 5, -5/28 HPs)
             Began as a Deep Elf Air Elementalist on Apr 7, 2016.
             Slain by Shenda's ghost (13 damage)
             ... on level 4 of the Dungeon.
             The game lasted 00:15:08 (3288 turns).

Urist the Magician (Deep Elf Air Elementalist)      Turns: 3288, Time: 00:15:08

Health: -5/28      AC:  9    Str:  5    XL:     5   Next: 96%
Magic:  2/14       EV:  9    Int: 21    God:
Gold:   166        SH:  0    Dex: 15    Spells: 3 memorised, 7 levels left

rFire  . . .     SeeInvis .     k - +3 short sword (protect)
rCold  . . .     Clarity  .     a - +2 robe
rNeg   . . .     SustAt   .     (no shield)
rPois  .         Gourm    .     (no helmet)
rElec  .         Spirit   .     (no cloak)
rCorr  +         Warding  .     (no gloves)
rMut   .         Stasis   .     (no boots)
MR     .....                    p - amulet of resist corrosion
Stlth  ++........               (no ring)
                                (no ring)

@: very slightly contaminated, not resistant to hostile enchantments, unstealthy
A: no striking features
a: no special abilities


You were on level 4 of the Dungeon.
You were not hungry.

You visited 1 branch of the dungeon, and saw 4 of its levels.

You collected 166 gold pieces.

Inventory:

Hand Weapons
 e - a +0 quarterstaff
 k - a +3 short sword of protection (weapon)
Armour
 a - a +2 robe (worn)
Jewellery
 g - an uncursed amulet of the gourmand
 p - an amulet of resist corrosion (around neck)
Scrolls
 i - 4 scrolls of remove curse
 l - a scroll of amnesia
 m - a scroll of identify
Potions
 d - a potion of lignification
 f - 3 potions of flight
 o - 2 potions of curing
Books
 b - a book of Air

   Spells                             Type                      Level
   a - Shock                          Conjuration/Air              1
   b - Swiftness                      Charms/Air                   2
   c - Repel Missiles                 Charms/Air                   2
   d - Static Discharge               Conjuration/Air              3
   e - Lightning Bolt                 Conjuration/Air              5
Comestibles
 c - 2 bread rations
 h - 3 meat rations


   Skills:
 + Level 0.2 Fighting
 + Level 3.7 Dodging
 + Level 3.2 Stealth
 + Level 4.9 Spellcasting
 + Level 2.9 Conjurations
 + Level 0.4 Charms
 + Level 4.3 Air Magic


You had 7 spell levels left.
You knew the following spells:

 Your Spells              Type           Power        Failure   Level  Hunger
a - Shock                 Conj/Air       ###.         2%          1    None
b - Static Discharge      Conj/Air       ###.....     10%         3    ##.....
c - Swiftness             Chrm/Air       ###.....     8%          2    None


Dungeon Overview and Level Annotations

Branches:
Dungeon (4/15)
 Temple: D:4-7

Altars:
Ashenzari
Fedhas
Kikubaaqudgha
Trog
The Shining One

Annotations:
D:4 Shenda's ghost, amateur DrFi


Message History

Ouch! You gave yourself an electric shock.
Shenda's ghost closely misses you.
Casting: Static Discharge
Confirm with . or Enter, or press ? or * to list all spells.
You miscast Static Discharge.
You smell something strange.
Shenda's ghost hits you.
Casting: Static Discharge
Confirm with . or Enter, or press ? or * to list all spells.
Shenda's ghost is struck by lightning.
Shenda's ghost is lightly damaged.
The lightning arcs!
You are struck by lightning.
The lightning grounds out.
Shenda's ghost closely misses you.
Casting: Static Discharge
Confirm with . or Enter, or press ? or * to list all spells.
You miscast Static Discharge.
You feel a strange surge of energy! Shenda's ghost hits you!
* * * LOW HITPOINT WARNING * * *
There is a stone staircase leading up here.
Shenda's ghost hits you!
You die...

## #.#
#######.#
#......#
####@W...#
#.......##
#.###.....##
#......##
#.#####)#
..## #..#
..# #.##
..#. #.# # #
#)#


You could see Shenda's ghost.

Vanquished Creatures
  A giant frog (D:4)
  An orc priest (D:4)
  Terence (D:2)
  An orc wizard (D:4)
  Robin (D:2)
  An adder (D:2)
  3 gnolls (D:2)
  2 worms (D:2)
  An orc (D:4)
  2 ball pythons
  2 giant cockroaches
  12 goblins
  8 hobgoblins
  3 jackals (D:3)
  10 kobolds
  2 quokkas (D:2)
  2 bats (D:1)
  4 giant geckos
  6 giant newts
  8 rats
71 creatures vanquished.

Notes
Turn   | Place    | Note
--------------------------------------------------------------
     0 | D:1      | Urist the Deep Elf Air Elementalist began the quest for the Orb.
     0 | D:1      | Reached XP level 1. HP: 10/10 MP: 6/6
   402 | D:1      | Reached XP level 2. HP: 15/15 MP: 6/8
   915 | D:2      | Found a shattered altar of Ashenzari.
  1083 | D:2      | Reached XP level 3. HP: 17/19 MP: 1/10
  1168 | D:2      | Learned a level 3 spell: Static Discharge
  1189 | D:2      | Noticed Robin
  1308 | D:2      | Killed Robin
  1644 | D:2      | Found a glowing golden altar of the Shining One.
  1689 | D:2      | Reached skill level 4 in Spellcasting
  1690 | D:2      | Reached XP level 4. HP: 24/24 MP: 3/12
  1958 | D:2      | Noticed Terence
  1972 | D:1      | Learned a level 2 spell: Swiftness
  2452 | D:2      | Killed Terence
  2615 | D:3      | Found an ancient bone altar of Kikubaaqudgha.
  2773 | D:3      | Reached XP level 5. HP: 28/28 MP: 11/13
  3033 | D:3      | Found a blossoming altar of Fedhas.
  3033 | D:3      | Found a bloodstained altar of Trog.
  3163 | D:4      | Noticed Shenda's ghost (amateur DrFi)
  3288 | D:4      | Slain by Shenda's ghost

Action                   |  1- 3 |  4- 6 || total
-------------------------+-------+-------++-------
Melee: Unarmed           |     8 |       ||     8
       Short sword       |     9 |     6 ||    15
 Cast: Shock             |    71 |    47 ||   118
       Static Discharge  |     8 |    11 ||    19
       Swiftness         |       |     5 ||     5
  Use: Scroll            |     9 |     4 ||    13
       Potion            |     1 |     3 ||     4
  Eat: Meat ration       |     1 |       ||     1
       Bread ration      |       |     1 ||     1
